 Dungeon Crawl Stone Soup version 0.22-a0-348-gd16d139 (webtiles) character file.

4115 VLARC the Carver (level 10, -1/55 HPs)
             Began as a Vine Stalker Fighter on Apr 10, 2018.
             Was a Believer of Yredelemnul.
             Slain by a hornet (7 damage)
             ... on level 8 of the Dungeon.
             The game lasted 00:17:33 (6118 turns).

VLARC the Carver (Vine Stalker Fighter)             Turns: 6118, Time: 00:17:34

Health: -1/55      AC: 11    Str: 23    XL:     10   Next: 26%
Magic:  0/13       EV:  7    Int:  8    God:    Yredelemnul [**....]
Gold:   431        SH:  9    Dex: 13    Spells: 5/9 levels left

rFire    . . .     SeeInvis .   a - +1 long sword
rCold    . . .     Gourm    .   c - +0 shield
rNeg     . . .     Faith    .   b - +1 scale mail
rPois    .         Spirit   +   e - +2 helmet
rElec    .         Reflect  .   w - +0 cloak
rCorr    .         Harm     .   (no gloves)
MR       +....                  (no boots)
Stlth    ..........             (no amulet)
HPRegen  0.58/turn              (no ring)
MPRegen  0.13/turn              (no ring)

@: hasted and slowed
A: fangs 3, regeneration 1, magic shield, antimagic bite, no potion heal 3, rot
immunity
a: Animate Remains, Recall Undead Slaves, Injury Mirror, Renounce Religion


You were on level 8 of the Dungeon.
You worshipped Yredelemnul.
Yredelemnul was pleased with you.
You were hungry.

You visited 2 branches of the dungeon, and saw 9 of its levels.

You collected 479 gold pieces.
You spent 48 gold pieces at shops.

Inventory:

Hand Weapons
 a - a +1 long sword (weapon)
Armour
 b - a +1 scale mail (worn)
 c - a +0 shield (worn)
 e - a +2 helmet (worn)
 w - a +0 cloak (worn)
 x - a +0 plate armour
Wands
 h - a wand of disintegration (10)
 m - a wand of flame (19)
 q - a wand of iceblast (4)
 r - a wand of digging (20)
 u - a wand of random effects (20)
 y - a wand of acid (11)
Scrolls
 g - a scroll of amnesia
 j - 7 scrolls of remove curse
 k - a scroll of fog
 l - 5 scrolls of teleportation
 s - a scroll of enchant weapon
 t - a scroll of magic mapping {unknown}
 D - a scroll of blinking {unknown}
Potions
 i - 3 potions of might
 n - a potion of ambrosia
 o - a potion of haste
 p - a potion of agility {unknown}
 z - a potion of brilliance {unknown}
 A - a potion of mutation {unknown}
 B - 4 potions of resistance {unknown}
 C - a potion of flight {unknown}
Comestibles
 f - 15 rations


   Skills:
 - Level 7.2 Fighting
 * Level 11.0 Long Blades
 - Level 2.4 Armour
 - Level 2.6 Shields
 + Level 3.9 Invocations


You had 5 spell levels left.
You knew the following spells:

 Your Spells              Type           Power        Failure   Level  Hunger
a - Summon Lightning Spi  Summ/Air       #.......     100%        4    #####..


Dungeon Overview and Level Annotations

Branches:
Dungeon (8/15)             Temple (1/1) D:4
   Lair: D:8-11

Altars:
Ashenzari
Cheibriados
Dithmenos
Elyvilon
Fedhas
Gozag
Kikubaaqudgha
Makhleb
Okawaru
Qazlal
Ru
Sif Muna
Trog
Uskayaw
Vehumet
Xom
Yredelemnul
The Shining One

Shops:
D:4 =


Innate Abilities, Weirdness & Mutations

You have razor-sharp teeth.
Your natural rate of healing is unusually fast.
When hurt, damage is shared between your health and your magic reserves.
Your bite disrupts and absorbs the magic of your enemies.
Potions cannot restore your health.
You are immune to rotting.


Message History

Aim: a hornet (lightly wounded, chance to defeat MR: 56%)
The hornet resists with significant effort.
You feel sick. The hornet stings you.
You feel as though you will be slow longer.
The hornet stings you!
* * * LOW HITPOINT WARNING * * *
You feel as though you will be slow longer.
The hornet stings you but does no damage.
You feel yourself speed up.
You feel sick. You block the hornet's attack. The hornet stings you.
* * * LOW HITPOINT WARNING * * *
You feel as though you will be slow longer.
Your system rejects the healing.
You feel better.
The hornet stings you but does no damage.
The hornet stings you.
* * * LOW HITPOINT WARNING * * *
You feel as though you will be slow longer.
The hornet stings you!
You die...
Your body rises from the dead as a mindless zombie.

..# #.# #.#
#.# #.# #.#
#.# #########
#.###........
#...@.#######
###y### #.#
#.# #)# ..#
##.# %%# ###


You could see a hornet.

Vanquished Creatures
  Pikel (D:4)
  A spriggan (D:8)
  Sigmund (D:2)
  Eustachio (D:6)
  Menkaure (D:5)
  2 water moccasins
  Duvessa (D:5)
  An orc warrior (D:5)
  2 ice beasts
  An ogre (D:7)
  2 necrophages
  5 centaurs
  4 bullfrogs
  Dowan (D:5)
  2 scorpions
  4 killer bees (D:7)
  3 crimson imps
  2 bullfrog zombies (D:5)
  2 centaur zombies
  2 jellies
  3 hounds
  4 orc priests
  3 iguanas
  Crazy Yiuf (D:7)
  2 bullfrog skeletons
  Ijyb (D:3)
  4 worker ants
  6 orc wizards
  12 adders
  7 gnolls
  A shadow imp (D:5)
  3 adder zombies
  3 worms
  A dart slug (D:1)
  2 leopard geckos (D:3)
  24 orcs
  3 ball pythons
  8 bats
  7 giant cockroaches
  6 goblins
  3 hobgoblins
  13 jackals
  13 kobolds
  2 quokkas
  6 frilled lizards
  5 rats
182 creatures vanquished.

Vanquished Creatures (collateral kills)
  An orc priest (D:6)
  A jelly (D:7)
2 creatures vanquished.

Vanquished Creatures (others)
  A centaur zombie (D:7)
  A worker ant zombie (D:7)
  3 gnolls (D:4)
  A frilled lizard (D:4)
6 creatures vanquished.

Grand Total: 190 creatures vanquished

Notes
Turn   | Place    | Note
-------+----------+-------------------------------------------
     0 | D:1      | VLARC the Vine Stalker Fighter began the quest for the Orb.
     0 | D:1      | Reached XP level 1. HP: 11/11 MP: 2/2
    23 | D:1      | Reached skill level 2 in Long Blades
   229 | D:1      | Reached XP level 2. HP: 16/16 MP: 3/3
   649 | D:1      | Reached XP level 3. HP: 20/20 MP: 4/4
  1002 | D:2      | Reached skill level 3 in Long Blades
  1040 | D:2      | Found a blossoming altar of Fedhas.
  1167 | D:2      | Gained mutation: Your natural rate of healing is unusually fast. [Vine Stalker growth]
  1167 | D:2      | Reached XP level 4. HP: 24/24 MP: 5/5
  1204 | D:2      | Noticed Sigmund
  1208 | D:2      | Killed Sigmund
  1208 | D:2      | Reached skill level 4 in Long Blades
  1208 | D:2      | Reached XP level 5. HP: 20/29 MP: 4/6
  1286 | D:2      | Reached XP level 6. HP: 33/33 MP: 7/7
  1414 | D:2      | Found a hide-covered altar of Uskayaw.
  1540 | D:2      | Found an iron altar of Okawaru.
  1794 | D:3      | Reached skill level 5 in Long Blades
  1930 | D:3      | Noticed Ijyb
  1944 | D:3      | Killed Ijyb
  2257 | D:4      | Reached XP level 7. HP: 16/38 MP: 3/8
  2337 | D:4      | Found a staircase to the Ecumenical Temple.
  2346 | Temple   | Entered the Ecumenical Temple
  2403 | Temple   | Became a worshipper of Yredelemnul the Dark
  2518 | D:4      | Found an opulent altar of Gozag.
  2613 | D:4      | Noticed Pikel
  2641 | D:4      | Killed Pikel
  2641 | D:4      | Reached skill level 5 in Fighting
  2641 | D:4      | Reached skill level 7 in Long Blades
  2641 | D:4      | Gained mutation: You have razor-sharp teeth. [Vine Stalker growth]
  2641 | D:4      | Reached XP level 8. HP: 37/44 MP: 9/9
  2847 | D:4      | Found Jahaozuh's Jewellery Boutique.
  2855 | D:4      | Bought a cursed -3 ring of evasion for 24 gold pieces
  2855 | D:4      | Bought a cursed -2 ring of dexterity for 24 gold pieces
  3244 | D:5      | Entered Level 5 of the Dungeon
  3359 | D:5      | Noticed Menkaure
  3454 | D:5      | Killed Menkaure
  3454 | D:5      | Reached skill level 8 in Long Blades
  3634 | D:5      | Reached XP level 9. HP: 35/49 MP: 10/10
  3838 | D:5      | Noticed Dowan
  3839 | D:5      | Noticed Duvessa
  3854 | D:5      | Killed Duvessa
  3859 | D:5      | Killed Dowan
  3859 | D:5      | Reached * piety under Yredelemnul
  3859 | D:5      | Reached skill level 9 in Long Blades
  4495 | D:6      | Noticed Eustachio
  4589 | D:6      | Killed Eustachio
  4589 | D:6      | Reached skill level 10 in Long Blades
  4589 | D:6      | Reached skill level 1 in Invocations
  4635 | D:6      | Reached ** piety under Yredelemnul
  4647 | D:6      | Found a snail-covered altar of Cheibriados.
  5440 | D:7      | Learned a level 4 spell: Summon Lightning Spire
  5444 | D:7      | Reached XP level 10. HP: 55/55 MP: 13/13
  5497 | D:7      | Found a runed door.
  5501 | D:7      | Noticed Crazy Yiuf
  5506 | D:7      | Killed Crazy Yiuf
  5772 | D:7      | Found a shimmering altar of Xom.
  5784 | D:7      | Found a deep blue altar of Sif Muna.
  6106 | D:8      | Reached skill level 11 in Long Blades
  6118 | D:8      | Slain by a hornet

Vault maps used:
D:1:      onia_arrival_pentagram, minmay_strange_pillars
D:2:      okawaru_altar_gauntlet_db, fedhas_altar_3, marbit_many_paths,
          palyth_stone_intersect, hangedman_decor_clover_reticule, uniq_sigmund
D:3:      first_ration, minmay_misc_feat_roman, uniq_ijyb
D:4:      minmay_temple_entry_trees, serial_shops, shop,
          nicolae_gozag_seed_capital, uniq_pikel
D:5:      uniq_menkaure, uniq_duvessa
D:6:      nicolae_overflow_hidden_temple, columned_hall_lemuel, uniq_eustachio
D:7:      lemuel_crystal_altar, xom_teletrap_fun, uniq_crazy_yiuf_cottage
D:8:      lemuel_doored_altar, zin_academy, the_bakery
Temple:   nicolae_temple_god_jail

Skill      XL: |  1  2  3  4  5  6  7  8  9 10 |
---------------+-------------------------------+-----
Long Blades    | 2 3 4 5 7 8 10 11 | 11.0
Fighting       | 3 4 5 6 7 |  7.2
Invocations    | 2 3 |  3.9
Armour         | |  2.4
Shields        | |  2.6

Action                   |  1- 3 |  4- 6 |  7- 9 | 10-12 || total
-------------------------+-------+-------+-------+-------++-------
Melee: Long sword        |    99 |   139 |   306 |    69 ||   613
       Bite              |    19 |    39 |   106 |    22 ||   186
Invok: Animate Remains   |       |       |     4 |     2 ||     6
Evoke: Wand              |       |       |     9 |     2 ||    11
  Use: Potion            |       |     1 |       |     2 ||     3
       Scroll            |       |     8 |     5 |     1 ||    14
 Stab: Distracted        |       |       |     1 |       ||     1
  Eat: Chunk             |     1 |     3 |    13 |     2 ||    19
Armor: Scale mail        |    42 |    70 |   116 |    32 ||   260
Dodge: Dodged            |    40 |    49 |    83 |    18 ||   190
Block: Shield            |    54 |    80 |   134 |    23 ||   291
       Rpst.: Long sword |    10 |    21 |    31 |     8 ||    70

Table legend:
 A = Spawn XP
 B = Non-spawn XP
 C = Spawn XP percentage of total XP
 D = Spawn monster count
 E = Non-spawn monster count
 F = Spawn count percentage of total count
 G = Total turns spent on level
                    A         B        C        D         E        F      G
               +---------+---------+-------+---------+---------+-------+---------
         Total |       0 |    5879 |   0.0 |       0 |     184 |   0.0 |  6118
               +---------+---------+-------+---------+---------+-------+---------
           D:1 |       0 |      40 |   0.0 |       0 |      23 |   0.0 |   932
           D:2 |       0 |     312 |   0.0 |       0 |      33 |   0.0 |   763
           D:3 |       0 |     257 |   0.0 |       0 |      28 |   0.0 |   543
           D:4 |       0 |     954 |   0.0 |       0 |      10 |   0.0 |   939
           D:5 |       0 |    1683 |   0.0 |       0 |      40 |   0.0 |   925
           D:6 |       0 |    1018 |   0.0 |       0 |      24 |   0.0 |  1023
           D:7 |       0 |    1400 |   0.0 |       0 |      25 |   0.0 |   896
           D:8 |       0 |     215 |   0.0 |       0 |       1 |   0.0 |    30
               +---------+---------+-------+---------+---------+-------+---------
